 Dungeon Crawl Stone Soup version 0.28.0-53-g5a82cb258f (webtiles) character file.

Game seed: 2191774414186601141

6 JooJoo the Stinger (level 1, 0/11 HPs)
             Began as an Octopode Venom Mage on July 26, 2022.
             Slain by a ball python (1 damage)
             ... on level 1 of the Dungeon.
             The game lasted 00:06:12 (257 turns).

JooJoo the Stinger (Octopode Venom Mage)             Turns: 257, Time: 00:06:12

Health: 0/11       AC:  1    Str:  7    XL:     1   Next: 90%
Magic:  2/3        EV: 13    Int: 17    God:
Gold:   9          SH:  0    Dex: 12    Spells: 3/4 levels left

rFire   . . .      SeeInvis .   b - +1 dagger (venom)
rCold   . . .      Faith    .   (no shield)
rNeg    . . .      Spirit   .   (helmet restricted)
rPois   .          Reflect  .   (no amulet)
rElec   .          Harm     .   (no ring)
rCorr   .          Rampage  .   (no ring)
Will    .....                   (no ring)
Stlth   +++.......              (no ring)
HPRegen 0.03/turn               (no ring)
MPRegen 0.08/turn               (no ring)
                                (no ring)
                                (no ring)

@: no status effects
A: almost no armour, amphibious, 8 rings, camouflage 1, gelatinous body 1,
(nimble swimmer 1), tentacles
a: no special abilities


You were on level 1 of the Dungeon.
You visited 1 branch of the dungeon, and saw 1 of its levels.

You collected 9 gold pieces.

Inventory:

Hand Weapons
 b - a +1 dagger of venom (weapon)
Missiles
 c - 2 poisoned darts
Armour
 a - a +0 ring mail
Potions
 d - a potion of berserk rage {unknown}


   Skills:
 + Level 2.0 Dodging
 + Level 2.7 Stealth
 + Level 2.0 Spellcasting
 + Level 1.0 Transmutations
 + Level 4.1 Poison Magic


You had 3 spell levels left.
You knew the following spells:

 Your Spells              Type           Power      Damage    Failure   Level
a - Sting                 Tmut/Pois      40%        1d5       7%          1

Your spell library contained the following spells:

 Spells                   Type           Power      Damage    Failure   Level
 Poisonous Vapours        Pois/Air       16%        N/A       13%         2
 Mephitic Cloud           Conj/Pois/Air  6%         N/A       32%         3
 Olgreb's Toxic Radiance  Pois           15%        N/A       34%         4


Dungeon Overview and Level Annotations

Branches:
Dungeon (1/15)

Altars:

Shops:
D:1 !=*[


Innate Abilities, Weirdness & Mutations

You cannot wear most types of armour.
You are amphibious.
You can wear up to eight rings at the same time.
Your skin changes colour to match your surroundings (Stealth+).
Your rubbery body absorbs attacks. (AC +1, EV +1)
((You are camouflaged when in or above water. (Stealth+)))
You have tentacles for arms and can constrict up to eight enemies at once.


Message History

Aiming: Sting (safe; 7% risk of failure)
Press: ? - help, Q - select action, (/) - cycle Shift-Dir - straight line, f/p - kobold
Aim: a kobold, wielding a +0 club and quivering stones (64% to hit)
The sting hits the kobold.
The kobold is poisoned.
You kill the kobold!
You feel sick.
Your Poison Magic skill increases to level 4!
You feel sick.
You are no longer poisoned.
A hobgoblin comes into view.
Aiming: Sting (safe; 7% risk of failure)
Press: ? - help, Q - select action, (/) - cycle Shift-Dir - straight line, f - hobgoblin
Aim: a hobgoblin (71% to hit)
The sting hits the hobgoblin.
The hobgoblin is poisoned.
The hobgoblin is almost dead.
You don't have enough magic to cast this spell.
Unknown command.
You kill the hobgoblin!
A ball python comes into view.
A kobold comes into view. It is wielding a +0 short sword.
An endoplasm comes into view.
The kobold shouts!
The kobold throws a stone.
The stone misses you.
The kobold throws a stone.
The stone closely misses you. The kobold barely misses you.
You closely miss the kobold.
The ball python hisses angrily.
The endoplasm quivers.
You grab the kobold.
You constrict the kobold, but do no damage.
The kobold hits you with a +0 short sword.
* * * LOW HITPOINT WARNING * * *
You hit the kobold but do no damage.
The kobold is poisoned.
You constrict the kobold, but do no damage.
The endoplasm jiggles.
The ball python closely misses you. The ball python misses you.
The kobold closely misses you.
You release your grip on the kobold.
The ball python bites you.
You die...

.....# #..≈≈§..# .....#
##...§§##....... .....##
##..### ....... .
......####..## ...... ..
.......#...## #.... ..
.........### ##..# .##
######....#######...#...##
######.##......).K.......#
#...............@S....#
..####.##....###.J......#
### ......#.## #..........
#..##.##..# #........##
##......##.## .........#
.....##..... #+#.......#
#... ....g# +.......# ...
.....# #.......#


You could see an endoplasm, a ball python and a kobold (poisoned).

Vanquished Creatures
  2 hobgoblins (D:1)
  3 kobolds (D:1)
  A rat (D:1)
6 creatures vanquished.

Notes
Turn   | Place    | Note
-------+----------+-------------------------------------------
     0 | D:1      | JooJoo the Octopode Venom Mage began the quest for the Orb.
     0 | D:1      | Reached XP level 1. HP: 11/11 MP: 3/3
    23 | D:1      | Found Saowkauh's Assorted Antiques.
    53 | D:1      | Found Beamomoulo's Jewellery Boutique.
    91 | D:1      | Found Oghut's Distillery.
   192 | D:1      | Found Cyhucoci's Antique Armour Shop.
   221 | D:1      | Reached skill level 4 in Poison Magic
   257 | D:1      | Slain by a ball python

Illustrated notes

Levels and vault maps discovered:
D:1:      dpeg_arrival_pits, layout_rooms, serial_shops, nicolae_shop_stone,
          shop, nicolae_lakefront_shop, nicolae_shop_advertising_works
          [nicolae_subvault_shop_adworks], nicolae_shop_behind_doors,
          dreamdust_ecumenical_altar_hidden_monk_grotto

Skill      XL: |  1 |
---------------+----+-----
Poison Magic   | 4 |  4.1
Dodging        | |  2.0
Stealth        | |  2.7
Spellcasting   | |  2.0
Transmutations | |  1.0

Action                   || total
-------------------------++-------
Melee: Dagger            ||     2
       Constrict         ||     1
 Cast: Sting             ||    11
Dodge: Dodged            ||     9
